 Dungeon Crawl Stone Soup version 0.17.0-23-g0de4337 (webtiles) character file.

1136 stefzke33 the Basher (level 8, -7/63 HPs)
             Began as a Minotaur Chaos Knight on Nov 13, 2015.
             Mangled by a thrashing horror (8 damage)
             ... on level 1 of the Abyss.
             The game lasted 00:28:05 (4205 turns).

stefzke33 the Basher (Minotaur Chaos Knight)        Turns: 4205, Time: 00:28:06

Health: -7/63      AC:  8    Str: 18    XL:     8   Next: 14%
Magic:  7/7        EV: 13    Int:  9    God:    Xom [..*...]
Gold:   196        SH:  0    Dex:  9    Spells: 0 memorised, 7 levels left

rFire  . . .     SeeInvis .     a - +0 mace (chaos)
rCold  . . .     Clarity  .     b - +2 leather armour
rNeg   . . .     SustAt   .     (no shield)
rPois  .         Gourm    .     (helmet restricted)
rElec  .         Spirit   .     (no cloak)
rCorr  .         Warding  .     d - +2 pair of gloves
rMut   .         Rnd*Tele +     (no boots)
MR     .....                    (no amulet)
Stlth  ..........               k - ring of teleportation (curse)
                                A - ring of loudness (curse)

@: not resistant to hostile enchantments, extremely unstealthy
A: retaliatory headbutt, horns 2, blurry vision 1, clumsy 1, frail 1
a: Renounce Religion, Evoke Teleportation


You were on level 1 of the Abyss.
You worshipped Xom.
You were a toy of Xom.
You were not hungry.

You visited 1 branch of the dungeon, and saw 5 of its levels.
You visited the Abyss 1 time.

You collected 196 gold pieces.

Inventory:

Hand Weapons
 a - a +0 mace of chaos (weapon)
Armour
 b - a +2 leather armour (worn)
 d - a +2 pair of gloves (worn)
 n - a +0 pair of gloves
 B - a +0 ring mail
Jewellery
 f - an uncursed ring of sustain attributes
 k - a cursed ring of teleportation (right hand)
 t - an uncursed ring of wizardry
 A - a cursed ring of loudness (left hand)
 H - an uncursed ring of protection from magic {unknown}
Wands
 z - a wand of confusion (12)
 I - a wand of disintegration (1)
Scrolls
 p - 2 scrolls of enchant armour {unknown}
 r - 2 scrolls of noise {unknown}
 u - a scroll of recharging {unknown}
 v - 2 scrolls of magic mapping {unknown}
 w - 5 scrolls of identify {unknown}
 y - 2 scrolls of teleportation {unknown}
 C - 4 scrolls of amnesia {unknown}
 G - a scroll of immolation {unknown}
 L - a scroll of fog {unknown}
Potions
 e - 2 potions of agility {unknown}
 i - 2 potions of degeneration {unknown}
 j - a potion of magic {unknown}
 m - a potion of ambrosia {unknown}
 o - 4 potions of lignification {unknown}
 q - a potion of haste {unknown}
 x - a potion of flight {unknown}
 D - a potion of curing {unknown}
 J - a potion of might {unknown}
Books
 s - a book of Envenomations

   Spells                             Type                      Level
   a - Spider Form                    Transmutation/Poison         3
   b - Alistair's Intoxication        Transmutation/Poison         4
   c - Olgreb's Toxic Radiance        Poison                       4
   d - Poisonous Cloud                Conjuration/Poison/Air       6
Miscellaneous
 K - a phantom mirror
Comestibles
 c - 3 bread rations
 g - 3 meat rations
 h - 3 beef jerkies
 l - 4 fruits
 F - a slice of pizza


   Skills:
 + Level 5.8 Fighting
 * Level 8.3 Maces & Flails
 + Level 4.4 Armour
 + Level 5.9 Dodging


You had 7 spell levels left.
You didn't know any spells.

Dungeon Overview and Level Annotations

Branches:
Dungeon (5/15)             Temple (0/1) D:4

Altars:
Kikubaaqudgha

Annotations:
D:5 Uberwunderbarhen's ghost, amateur DEFE


Innate Abilities, Weirdness & Mutations

You reflexively headbutt those who attack you in melee.
You have a pair of horns on your head.
Scrolls take you a little longer to read.
You are clumsy. (Dex -2)
You are frail (-10% HP).


Message History

Found 21 gold pieces.
You now have 196 gold pieces (gained 21).
You see here a scale mail.
You are now a toy of Xom.
A thrashing horror comes into view.
The thrashing horror roars!
An orange demon comes into view.
A large abomination comes into view.
The large abomination hits you!!
* * * LOW HITPOINT WARNING * * *
The thrashing horror tramples you!
* * * LOW HITPOINT WARNING * * *
You stumble backwards!
You hear a screech!
The thrashing horror misses you.
The thrashing horror tramples you but does no damage.
The thrashing horror roars!
The thrashing horror tramples you!
You die...
Xom giggles madly!

# . .## ..# .. ...
#. ## ##.. .#§.#
.#.#.. ##..# ...#..
#.####@#
....#.#..#.X## .#
...##.#..X.#..# #
#......##...#
..##.......#......#
# ....#..####.#..#
#...##..# #.#... #
...§..# .. ##
#..#..#.# ....##


You could see a thrashing horror and a large abomination.

Vanquished Creatures
  Sigmund (D:3)
  The ghost of BobbyTwoHands the Magician, an amateur DrWz (D:4)
  2 ogres
  A centaur (D:5)
  A giant frog (D:4)
  A small abomination (Abyss:1)
  A crimson imp (D:5)
  A centaur zombie (D:5)
  Crazy Yiuf (D:2)
  2 orc priests (D:3)
  Ijyb (D:2)
  Terence (D:2)
  An orc wizard (D:3)
  Natasha (twice) (D:3)
  A worker ant (D:4)
  A worker ant zombie (D:4)
  6 adders
  2 oozes
  An adder skeleton (D:4)
  5 worms
  5 giant geckos
  6 orcs (D:3)
  4 giant cockroaches
  16 goblins
  5 hobgoblins
  13 jackals
  6 kobolds
  A ball python (D:3)
  5 bats
  12 giant newts
  4 quokkas
  8 rats
118 creatures vanquished.

Vanquished Creatures (collateral kills)
  Natasha (D:3)
1 creature vanquished.

Grand Total: 119 creatures vanquished

Notes
Turn   | Place    | Note
--------------------------------------------------------------
     0 | D:1      | stefzke33 the Minotaur Chaos Knight began the quest for the Orb.
     0 | D:1      | Reached XP level 1. HP: 19/19 MP: 0/0
    49 | D:1      | Reached skill level 4 in Fighting
    49 | D:1      | Reached XP level 2. HP: 20/27 MP: 1/1
   307 | D:1      | XOM: harmless Conj miscast
   642 | D:1      | Reached XP level 3. HP: 32/34 MP: 2/2
   763 | D:1      | XOM: harmless Erth miscast
   978 | D:2      | XOM: silly message
  1006 | D:2      | Noticed Terence
  1237 | D:2      | XOM: 6-stop teleportation journey
  1238 | D:2      | Noticed Ijyb
  1249 | D:2      | Killed Terence
  1249 | D:2      | Reached skill level 5 in Maces & Flails
  1249 | D:2      | Reached XP level 4. HP: 31/41 MP: 3/3
  1250 | D:2      | Killed Ijyb
  1398 | D:2      | Reached XP level 5. HP: 47/47 MP: 4/4
  1531 | D:2      | Noticed Crazy Yiuf
  1551 | D:2      | Killed Crazy Yiuf
  1654 | D:2      | XOM: give mutations
  1654 | D:2      | Gained mutation: You are clumsy. (Dex -2) [Xom's mischief]
  1654 | D:2      | Gained mutation: Scrolls take you a little longer to read. [Xom's mischief]
  1654 | D:2      | Gained mutation: You are frail (-10% HP). [Xom's mischief]
  2244 | D:3      | Found an ancient bone altar of Kikubaaqudgha.
  2290 | D:3      | XOM: mild Divn miscast
  2419 | D:3      | Reached skill level 5 in Fighting
  2419 | D:3      | Reached skill level 6 in Maces & Flails
  2515 | D:3      | Reached XP level 6. HP: 32/50 MP: 5/5
  2522 | D:3      | XOM: mild Chrm miscast
  2592 | D:3      | Noticed Natasha
  2597 | D:3      | Killed Natasha
  2647 | D:3      | Noticed Natasha
  2652 | D:3      | Killed Natasha
  2666 | D:3      | Noticed Natasha
  2670 | D:3      | Killed Natasha
  2689 | D:3      | XOM: harmless Necr miscast
  2716 | D:3      | XOM: enchant monster (good)
  2767 | D:3      | XOM: divination: detect creatures
  2814 | D:3      | Noticed Sigmund
  2821 | D:3      | Your ally Natasha died
  2826 | D:3      | Killed Sigmund
  3033 | D:3      | Reached XP level 7. HP: 54/54 MP: 6/6
  3133 | D:4      | Found a staircase to the Ecumenical Temple.
  3231 | D:4      | Noticed BobbyTwoHands's ghost (amateur DrWz)
  3233 | D:4      | Reached skill level 7 in Maces & Flails
  3245 | D:4      | Killed BobbyTwoHands's ghost
  3253 | D:4      | Reached skill level 5 in Dodging
  3356 | D:4      | XOM: harmless Tloc miscast
  3415 | D:4      | XOM: god gift: phantom mirror
  3569 | D:4      | XOM: cast spell 'Ice Form'
  3576 | D:5      | Entered Level 5 of the Dungeon
  3576 | D:5      | Noticed Uberwunderbarhen's ghost (amateur DEFE)
  3582 | D:5      | XOM: cast spell 'Summon Swarm'
  3886 | D:5      | Reached skill level 8 in Maces & Flails
  3890 | D:5      | XOM: summons friendly white imp
  3896 | D:5      | XOM: enchant monster (good)
  3903 | D:5      | Reached XP level 8. HP: 34/63 MP: 7/7
  3910 | D:5      | XOM: confuse monster(s)
  3912 | D:5      | XOM: harmless Chrm miscast
  3915 | D:5      | XOM: silly message
  3916 | D:5      | XOM: cast spell 'Spider Form'
  4115 | D:4      | XOM: medium Summ miscast
  4125 | D:4      | Cast into the Abyss (spatial vortex)
  4135 | Abyss:1  | XOM: enchant monster (good)
  4155 | Abyss:1  | Noticed a titan skeleton
  4198 | Abyss:1  | Noticed a thrashing horror
  4202 | Abyss:1  | Noticed an orange demon
  4203 | Abyss:1  | HP: 1/63 [thrashing horror (9)]
  4205 | Abyss:1  | Mangled by a thrashing horror

Action                   |  1- 3 |  4- 6 |  7- 9 || total
-------------------------+-------+-------+-------++-------
Melee: Mace              |    88 |   133 |    84 ||   305
       Unarmed           |       |       |     7 ||     7
 Stab: Paralysed         |       |     4 |     1 ||     5
       Confused          |       |       |     2 ||     2
  Eat: Chunk             |     1 |     6 |     4 ||    11
